 Dungeon Crawl Stone Soup version 0.28.0 (webtiles) character file.

Game seed: 7400782182507936337

1903 a3don the Grappler (level 8, -5/80 HPs)
             Began as a Troll Monk on Feb 8, 2022.
             Was a Priest of Makhleb.
             Slain by Maggie (8 damage)
             ... on level 6 of the Dungeon.
             The game lasted 00:08:23 (4850 turns).

a3don the Grappler (Troll Monk)                     Turns: 4850, Time: 00:08:24

Health: -5/80      AC:  5    Str: 20 (22) XL:     8   Next: 94%
Magic:  9/9        EV:  9    Int:  3 (6)  God:    Makhleb [***...]
Gold:   310        SH:  8    Dex: 10 (12) Spells: 7/7 levels left

rFire   . . .      SeeInvis .     - Unarmed
rCold   . . .      Faith    .   D - +2 kite shield
rNeg    . . .      Spirit   .   a - +0 robe
rPois   .          Reflect  .   d - +0 hat
rElec   .          Harm     .   s - +0 cloak
rCorr   .          Rampage  .   (gloves unavailable)
Will    .....                   (boots unavailable)
Stlth   +.........              n - amulet of the acrobat
HPRegen 1.03/turn               (no ring)
MPRegen 0.11/turn               (no ring)

@: mesmerised
A: large, unfitting armour, claws 3, regeneration 1, shaggy fur 1, tough skin 1
a: Renounce Religion, Minor Destruction, Lesser Servant of Makhleb


You were on level 6 of the Dungeon.
You worshipped Makhleb.
Makhleb was most pleased with you.
You visited 1 branch of the dungeon, and saw 6 of its levels.
You also visited: Sewer.

You collected 354 gold pieces.
You spent 44 gold pieces at shops.

Inventory:

Hand Weapons
 b - a +0 hand crossbow
 k - a +0 whip of electrocution
 o - a +0 hunting sling
 r - a +3 quarterstaff of chaos
Missiles
 g - 64 bolts
 B - 2 javelins (quivered)
 C - 2 throwing nets
Armour
 a - a +0 robe (worn)
 d - a +0 hat (worn)
 s - a +0 cloak (worn)
 D - a +2 kite shield (worn)
Magical Staves
 E - a staff of earth
Jewellery
 n - an amulet of the acrobat (around neck)
Wands
 q - a wand of polymorph (6)
Scrolls
 c - 3 scrolls of amnesia
 e - 3 scrolls of teleportation {unknown}
 f - 2 scrolls of fog {unknown}
 j - a scroll of blinking {unknown}
 l - a scroll of brand weapon {unknown}
 t - a scroll of identify
 v - 2 scrolls of noise {unknown}
 x - a scroll of fear {unknown}
 y - a scroll of vulnerability {unknown}
 A - a scroll of enchant weapon {unknown}
 G - a scroll of summoning {unknown}
 H - a scroll of immolation {unknown}
 I - a scroll of magic mapping {unknown}
Potions
 h - 4 potions of mutation
 i - a potion of lignification {unknown}
 p - a potion of magic {unknown}
 u - 2 potions of degeneration
 w - 2 potions of curing {unknown}
 z - 5 potions of flight
 F - a potion of resistance {unknown}


   Skills:
 + Level 5.1 Fighting
 - Level 4.9 Dodging
 - Level 1.0 Stealth
 * Level 1.5 Shields
 + Level 8.1 Unarmed Combat
 * Level 3.6 Invocations


You had 7 spell levels left.
You didn't know any spells.
Your spell library contained the following spells:

 Spells                   Type           Power      Damage    Failure   Level
 Dazzling Flash           Conj/Hex       0%         N/A       99%         3
 Animate Dead             Necr           0%         N/A       100%        4
 Agony                    Necr           0%         N/A       100%        5
 Silence                  Hex/Air        0%         N/A       100%        5
 Haunt                    Necr/Summ      0%         N/A       100%        7
 Infestation              Necr           0%         N/A       100%        8


Dungeon Overview and Level Annotations

Branches:
Dungeon (6/15)              Sewer (visited)
 Temple: D:4-7

Altars:
Ashenzari
Fedhas
Gozag
Kikubaaqudgha
Makhleb
Nemelex Xobeh
Yredelemnul

Shops:
D:2 [

Annotations:
D:6 Maggie


Innate Abilities, Weirdness & Mutations

You are too large for most types of armour.
You have claws for hands.
Your natural rate of healing is unusually fast.
You are covered in fur. (AC +1)
You have tough skin. (AC +1)


Message History

Maggie is lightly wounded.
You block Maggie's attack.
You closely miss Maggie.
Maggie is lightly wounded.
Maggie hits you with a +3 vampiric glaive!
A demon appears!
Maggie casts a spell.
Maggie draws you further into her thrall.
You cannot move away from Maggie!
You scratch Maggie.
Maggie is lightly wounded.
Maggie hits you with a +3 vampiric glaive!
Maggie draws strength from your wounds!
You scratch Maggie but do no damage.
Maggie hits you with a +3 vampiric glaive!
* * * LOW HITPOINT WARNING * * *
It was a potion of degeneration.
There was something very wrong with that liquid.
You feel weakened.
You feel dopey.
You feel clumsy. You block Maggie's attack.
It was a potion of heal wounds.
You feel much better.
Maggie hits you with a +3 vampiric glaive!
* * * LOW HITPOINT WARNING * * *
As you read the scroll labelled POYRAOHAKK, it crumbles to dust.
It is a scroll of identify.
c - 3 scrolls of amnesia Maggie hits you with a +3 vampiric glaive!
* * * LOW HITPOINT WARNING * * *
You feel much better.
Maggie hits you with a +3 vampiric glaive!
You claw Maggie!
Maggie is moderately wounded.
Maggie points at you and mumbles some strange words.
The bolt of fire hits you!!
* * * LOW HITPOINT WARNING * * *
The bolt of fire hits your hellwing.
You mangle Maggie!!
Maggie is severely wounded.
Maggie hits you with a +3 vampiric glaive!
You die...

#....# ####.# #.# #.#
#####.########
.............#
####.....###.#
#......##.###########
#...........4@@......
#.....###.######.###.
###.#####(#
####.......#
#.......####
#.##.##.###########
###.##..............#
....##....##........#
.....#.##.##........#


You could see Maggie (mesmerising, ally target) and a friendly hellwing
(summoned).

Vanquished Creatures
  Sigmund (D:4)
  Duvessa (D:4)
  A water moccasin (D:5)
  An ice beast (D:5)
  A sky beast (D:6)
  3 necrophages
  2 ogres
  A phantom (D:4)
  A bullfrog (D:6)
  A water moccasin zombie (D:5)
  2 scorpions
  A wyvern skeleton (D:6)
  Dowan (D:4)
  A vampire bat (D:3)
  3 hounds
  A jelly (D:6)
  A bullfrog skeleton (D:4)
  Terence (D:2)
  Crazy Yiuf (D:4)
  2 iguanas
  A hound skeleton (D:5)
  8 adders
  4 river rats (Sewer)
  An adder skeleton (D:4)
  4 worms
  2 dart slugs
  An orc (D:4)
  9 ball pythons
  A bat skeleton (D:3)
  5 bat zombies (D:3)
  5 endoplasms
  9 giant cockroaches
  10 goblins
  6 hobgoblins
  A jackal (Sewer)
  14 kobolds
  9 quokkas
  8 bats
  7 frilled lizards
  3 rats (D:1)
135 creatures vanquished.

Notes
Turn   | Place    | Note
-------+----------+-------------------------------------------
     0 | D:1      | a3don the Troll Monk began the quest for the Orb.
     0 | D:1      | Reached XP level 1. HP: 22/22 MP: 0/0
   109 | D:1      | Reached XP level 2. HP: 29/29 MP: 1/1
   401 | D:1      | Found a faded altar of an unknown god.
   490 | D:1      | Reached XP level 3. HP: 36/36 MP: 2/2
   696 | D:2      | Found Gydgh's Armour Shop.
   708 | D:2      | Bought a +0 hat for 44 gold pieces
   899 | D:2      | Noticed Terence
   910 | D:2      | Killed Terence
   911 | D:2      | Reached skill level 4 in Unarmed Combat
  1077 | D:2      | Reached XP level 4. HP: 42/44 MP: 3/3
  1278 | D:3      | Found a blossoming altar of Fedhas.
  1553 | D:3      | Found an opulent altar of Gozag.
  1627 | D:3      | Noticed a necrophage
  1635 | D:3      | Killed a necrophage
  1636 | D:3      | Reached XP level 5. HP: 37/53 MP: 4/4
  1718 | D:3      | Found an ancient bone altar of Kikubaaqudgha.
  1721 | D:3      | Reached skill level 5 in Unarmed Combat
  1847 | D:3      | Found a basalt altar of Yredelemnul.
  2040 | D:4      | Found a runed translucent door.
  2041 | D:4      | Noticed Crazy Yiuf
  2062 | D:4      | Noticed a phantom
  2068 | D:4      | Noticed a necrophage
  2074 | D:4      | Killed a phantom
  2075 | D:4      | Reached XP level 6. HP: 39/61 MP: 5/5
  2266 | D:4      | Noticed Duvessa
  2267 | D:4      | Noticed Dowan
  2276 | D:4      | Killed Duvessa
  2277 | D:4      | Reached skill level 6 in Unarmed Combat
  2277 | D:4      | Reached XP level 7. HP: 53/68 MP: 6/6
  2277 | D:4      | Killed Dowan
  2362 | D:4      | Found a burning altar of Makhleb.
  2620 | D:4      | Found a broken altar of Ashenzari.
  2762 | D:4      | Noticed Sigmund
  2771 | D:4      | Killed Sigmund
  2772 | D:4      | Reached skill level 7 in Unarmed Combat
  2817 | D:4      | Became a worshipper of Makhleb the Destroyer
  2817 | D:4      | Reached * piety under Makhleb
  2817 | D:4      | Reached ** piety under Makhleb
  3002 | D:4      | Killed Crazy Yiuf
  3068 | D:5      | Entered Level 5 of the Dungeon
  3099 | D:5      | Reached skill level 1 in Invocations
  3099 | D:5      | Reached XP level 8. HP: 57/79 MP: 7/7
  3429 | D:5      | Found a glowing drain.
  3454 | Sewer    | Entered a sewer
  3732 | Sewer    | Reached *** piety under Makhleb
  4024 | D:5      | Identified the +1 leather armour "Anomoen" {Stlth+}
  4460 | D:6      | Reached skill level 5 in Fighting
  4484 | D:6      | Found a sparkling altar of Nemelex Xobeh.
  4530 | D:6      | Reached skill level 8 in Unarmed Combat
  4565 | D:6      | Reached skill level 1 in Shields
  4832 | D:6      | Noticed Maggie
  4849 | D:6      | HP: 2/80 [Maggie/bolt of fire (29)]
  4850 | D:6      | Slain by Maggie

Illustrated notes

Levels and vault maps discovered:
D:1:      onia_arrival_pyramid, layout_loops_cross,
          ebering_ecumenical_altar_sacrificial, minmay_cut_off
D:2:      layout_rooms, serial_shops, shop_statue, wad_floor_pattern_1,
          uniq_terence
D:3:      layout_loops_ring, nicolae_gozag_seed_capital, fedhas_altar_1,
          overflow_temple_1_default, kennysheep_vampire_church
D:4:      layout_basic, nicolae_ashenzari_skybound, makhleb_blood_cavern_becter,
          uniq_crazy_yiuf_cottage, uniq_sigmund, uniq_duvessa
D:5:      layout_loops_ring, portal_sewer_entry_f,
          minmay_misc_feat_more_columns, chequers_garden,
          eino_small_chamber_without_monster, eino_tiny_chamber
D:6:      layout_loops_cross, mainiacjoe_overflow_catwalk,
          gammafunk_temple_overflow_elements, temple_statues,
          grunt_ministairs_2, uniq_maggie

Skill      XL: |  1  2  3  4  5  6  7  8 |
---------------+-------------------------+-----
Unarmed Combat | 4 5 6 7 8 |  8.1
Dodging        | 3 4 |  4.9
Fighting       | 3 4 5 |  5.1
Invocations    | 1 3 |  3.6
Shields        | 1 |  1.5
Stealth        | |  1.0

Action                   |  1- 3 |  4- 6 |  7- 9 || total
-------------------------+-------+-------+-------++-------
Melee: Unarmed           |    83 |    91 |   203 ||   377
       Punch             |       |     1 |     7 ||     8
Invok: Lesser Servant of |       |       |     1 ||     1
  Use: Potion            |       |       |     3 ||     3
       Scroll            |       |       |     1 ||     1
 Stab: Sleeping          |     4 |     2 |     4 ||    10
Armor: Robe              |    17 |    43 |    31 ||    91
Dodge: Dodged            |    46 |    46 |   104 ||   196
Block: Kite shield       |       |       |    16 ||    16
